 Dungeon Crawl Stone Soup version 0.29-a0-419-g77450f2105 (webtiles) character file.

Game seed: 1537980833488195105

19 Majang the Cleaver (level 2, 0/26 HPs)
             Began as a Gnoll Wanderer on May 18, 2022.
             Was an Initiate of the Shining One.
             Slain by a gnoll
             ... wielding a +0 halberd
              (11 damage)
             ... on level 2 of the Dungeon.
             The game lasted 00:03:23 (917 turns).

Majang the Cleaver (Gnoll Wanderer)                  Turns: 917, Time: 00:03:24

Health: 0/26       AC:  6    Str: 14    XL:     2   Next: 75%
Magic:  0/3        EV: 11    Int:  9    God:    the Shining One [......]
Gold:   46         SH:  0    Dex: 10    Spells: 2/2 levels left

rFire   . . .      SeeInvis .   a - +2 hand axe
rCold   . . .      Faith    .   (no shield)
rNeg    . . .      Spirit   .   k - +0 ring mail
rPois   .          Reflect  .   (no helmet)
rElec   .          Harm     .   (no cloak)
rCorr   .          Rampage  .   (no gloves)
Will    .....                   c - +0 pair of boots
Stlth   +.........              (no amulet)
HPRegen 0.08/turn               (no ring)
MPRegen 0.08/turn               (no ring)

@: glowing
A: fangs 1, strong nose, distributed training
a: Renounce Religion


You were on level 2 of the Dungeon.
You worshipped the Shining One.
The Shining One was noncommittal.
You visited 1 branch of the dungeon, and saw 2 of its levels.

You collected 46 gold pieces.

Inventory:

Hand Weapons
 a - a +2 hand axe (weapon)
Armour
 c - a +0 pair of boots (worn)
 e - a +0 leather armour
 k - a +0 ring mail (worn)
Magical Staves
 l - a staff of earth
Scrolls
 d - a scroll of fear
 f - 3 scrolls of identify {unknown}
 g - a scroll of teleportation {unknown}
Potions
 b - 2 potions of lignification
 h - 3 potions of might {unknown}
 i - a potion of brilliance {unknown}
 j - a potion of mutation {unknown}


   Skills:
 + Level 4.5 Fighting
 + Level 0.5 Short Blades
 + Level 0.5 Long Blades
 + Level 8.5 Axes
 + Level 0.5 Maces & Flails
 + Level 0.5 Polearms
 + Level 0.5 Staves
 + Level 0.5 Slings
 + Level 0.5 Bows
 + Level 0.5 Crossbows
 + Level 0.5 Throwing
 + Level 2.5 Armour
 + Level 4.5 Dodging
 + Level 0.5 Stealth
 + Level 0.5 Shields
 + Level 0.5 Unarmed Combat
 + Level 0.5 Spellcasting
 + Level 0.3 Conjurations
 + Level 0.3 Hexes
 + Level 0.3 Summonings
 + Level 0.3 Necromancy
 + Level 0.3 Translocations
 + Level 0.3 Transmutations
 + Level 0.3 Fire Magic
 + Level 0.3 Ice Magic
 + Level 0.3 Air Magic
 + Level 0.3 Earth Magic
 + Level 0.3 Poison Magic
 + Level 2.5 Invocations
 + Level 0.5 Evocations


You had 2 spell levels left.
You didn't know any spells.
Your spell library was empty.

Dungeon Overview and Level Annotations

Branches:
Dungeon (2/15)

Altars:
The Shining One


Innate Abilities, Weirdness & Mutations

You have very sharp teeth.
Your uncanny sense of smell can sniff out nearby items.
Your experience applies equally to all skills.


Message History

You can't go up here!
k - a +0 ring mail You start removing your armour.
You continue taking off your +0 leather armour. x4
You finish taking off your +0 leather armour.
You start putting on your armour.
You continue putting on your +0 ring mail. x5
You finish putting on your +0 ring mail.
There is a glowing golden altar of the Shining One here.
You kneel at the altar of the Shining One.
The Shining One welcomes you!
Found an escape hatch in the ceiling.
h - 2 purple potions (gained 1)
A frilled lizard comes into view.
The frilled lizard hisses angrily.
Found a purple potion.
The frilled lizard bites you but does no damage.
You slash the frilled lizard!
You kill the frilled lizard!
Found a thick glowing staff.
You see here a staff of earth.
l - a staff of earth
h - 3 purple potions (gained 1)
Found a stone staircase leading down.
A gnoll comes into view. It is wielding a +2 antimagic spear.
The gnoll shouts!
You hear a shout! 2 gnolls come into view.
You start waiting.
A gnoll is nearby!
The gnoll hits you from afar with a +2 antimagic spear.
You feel your power leaking away.
A gnoll comes into view. It is wielding a +0 whip.
The gnoll shouts!
The gnoll barely misses you.
The gnoll hits you with a +2 antimagic spear!
You feel your power leaking away.
You hit the gnoll but do no damage. Your bite misses the gnoll.
You hit the gnoll. The gnoll hits you with a +0 club.
The gnoll hits you from afar with a +0 halberd!
You die...

###### #....#
############....#
#........g.g.g..#
###..>...#####g@..#
.........# ##.###
.##......# #..#
#......# ##..#
#.g....# #..##
#g.....# #..#
#.......# #..#
.........# #..#
.##......# ##..#


You could see 4 gnolls.

Vanquished Creatures
  2 endoplasms
  A giant cockroach (D:1)
  A goblin (D:1)
  2 hobgoblins (D:1)
  A quokka (D:1)
  2 ball pythons (D:1)
  2 bats (D:1)
  2 frilled lizards
  2 kobolds (D:1)
  3 rats (D:1)
18 creatures vanquished.

Notes
Turn   | Place    | Note
-------+----------+-------------------------------------------
     0 | D:1      | Majang the Gnoll Wanderer began the quest for the Orb.
     0 | D:1      | Majang set off with the following items: a +2 hand axe, a
                  | potion of lignification, a +0 pair of boots, a scroll of
                  | fear, a +0 leather armour
     0 | D:1      | Reached XP level 1. HP: 20/20 MP: 2/2
   207 | D:1      | Found a faded altar of an unknown god.
   222 | D:1      | Found a faded altar of an unknown god.
   405 | D:1      | Reached XP level 2. HP: 24/26 MP: 3/3
   812 | D:2      | Found a glowing golden altar of the Shining One.
   840 | D:2      | Became a worshipper of the Shining One
   917 | D:2      | Slain by a gnoll

Illustrated notes

Levels and vault maps discovered:
D:1:      co_arrival_random_square_maze, layout_loops_ring,
          hellmonk_ecumenical_altar_the_god_not_taken
D:2:      layout_rooms, basic_altar, serial_shops, shop

Action                   || total
-------------------------++-------
Melee: Hand axe          ||    49
Armor: Leather armour    ||    14
       Ring mail         ||     1
Dodge: Dodged            ||    27

Table legend: (Time is in decaauts)
 A = Elapsed time spent in this place.
 B = Non-inter-level travel time spent in this place.
 C = Inter-level travel time spent in this place.
 D = Time resting spent in this place.
 E = Time spent auto-exploring this place.
 F = Levels seen in this place.
 G = Mean time per level.
                   A        B        C        D        E       F      G
               +--------+--------+--------+--------+--------+-----+--------+
         Total |    910 |    876 |     34 |    122 |    475 |   2 |  455.0 |
       Dungeon |    910 |    876 |     34 |    122 |    475 |   2 |  455.0 |
               +--------+--------+--------+--------+--------+-----+--------+

Top non-repeatable levels by time:
     D:1: 806 daAuts
     D:2: 104 daAuts
